 Dungeon Crawl Stone Soup version 0.31-a0-691-g409c26aa35 (webtiles) character file.

Game seed: 1103726449135622718

335 qw the Shooter (level 6, -8/38 HPs)
             Began as a Gargoyle Hunter on Sept 6, 2023.
             Mangled by an ogre
             ... wielding a +0 giant club
              (23 damage)
             ... on level 5 of the Dungeon.
             The game lasted 00:01:09 (3111 turns).

qw the Shooter (Gargoyle Hunter)                    Turns: 3111, Time: 00:01:10

Health: -8/38      AC: 14    Str: 15      XL:     6   Next: 53%
Magic:  6/6        EV: 10    Int:  8 (9)  God:
Gold:   224        SH:  0    Dex: 12 (15) Spells: 5/5 levels left

rFire   + . .        Y - +1 triple crossbow
rCold   . . .        (shield currently unavailable)
rNeg    + . .        a - +0 ring mail
rPois   inf          (no helmet)
rElec   +            n - +0 cloak
rCorr   .            (no gloves)
SInv    .            (no boots)
Will    .....        (no amulet)
Stlth   +            d - +4 ring of protection
HPRegen 0.26/turn    h - ring of protection from fire
MPRegen 0.10/turn

%: no passive effects
@: no status effects
A: sickness immunity, AC +4, negative energy resistance 1, electricity
resistance, torment resistance 1, petrification resistance
a: no special abilities


You were on level 5 of the Dungeon.
You visited 1 branch of the dungeon, and saw 5 of its levels.

You collected 224 gold pieces.


Innate Abilities, Weirdness & Mutations

You are immune to sickness and miasma.
Your stone body is resilient. (AC +4)
You are immune to poison.
You resist negative energy. (rN+)
You are resistant to electric shocks. (rElec)
You are resistant to unholy torment.
You are immune to petrification.


   Skills:
 - Level 4.0 Fighting
 + Level 6.7 Ranged Weapons
 - Level 1.5 Armour
 - Level 1.5 Dodging
 - Level 1.1 Stealth


You had 5 spell levels left.
You didn't know any spells.
Your spell library was empty.

Inventory:

Hand Weapons
 Y - a +1 triple crossbow (weapon)
Armour
 a - a +0 ring mail (worn)
 n - a +0 cloak (worn)
Jewellery
 b - a ring of fire
 d - a +4 ring of protection (left hand)
 h - a ring of protection from fire (right hand)
Scrolls
 e - a scroll of identify
Potions
 c - a potion of cancellation {unknown}
 f - a potion of lignification {unknown}
 g - a potion of ambrosia {unknown}
 i - a potion of might {unknown}
 l - a potion of curing
 m - a potion of mutation {unknown}

Dungeon Overview and Level Annotations

Branches:
Dungeon (5/15)
 Temple: D:4-7

Altars:

Shops:
D:1 [:[(   D:3 :


Message History

Done exploring.
2944 ||| UPGRADING to +0 cloak.
You start putting on your armour.
You continue putting on your +0 cloak. x4
You finish putting on your +0 cloak.
Done exploring.
2949 ||| READING 2 scrolls labelled LYXEOPRIRU.
As you read the scroll labelled LYXEOPRIRU, it crumbles to dust.
It is a scroll of identify.
Done exploring.
2950 ||| READING scroll labelled ZOASAAT XYKLA.
As you read the scroll labelled ZOASAAT XYKLA, it crumbles to dust.
A profound silence engulfs you.
It was a scroll of silence.
You start waiting.
Your hearing returns.
Done waiting.
Done exploring.
3051 ||| READING scroll labelled YDUBUI TIEGOES.
As you read the scroll labelled YDUBUI TIEGOES, it crumbles to dust.
Your body is wracked with pain!
It was a scroll of torment.
You start resting.
HP restored.
Done exploring.
What level of the Dungeon? (default 4, ? - help)
There is a stone staircase leading down here.
You climb downwards.
The ogre shouts!
Found a scroll labelled XUH SUHUFAMM and a long sword.
There is a stone staircase leading up here.
There are monsters nearby!
Waypoint 4 assigned to D:5.
You shoot a bolt. The bolt hits the orc!
You kill the orc!
You shoot a bolt. The bolt hits the ogre!
The ogre is moderately wounded.
The ogre hits you with a +0 giant club!
You shoot a bolt. The bolt hits the ogre.
The ogre is heavily wounded.
The ogre hits you with a +0 giant club!
The ogre hits you with a +0 giant club!!
Ouch! That really hurt!
You die...

###
###..#####
#.@O......
#.........
#..)?.....
#.........
#....)....
#.........
#.........
#.........


You could see an ogre.

Vanquished Creatures
  A scorpion (D:4)
  A jelly (D:3)
  A hound (D:4)
  Jessica (D:3)
  An orc wizard (D:4)
  9 adders
  A worm (D:4)
  A dart slug (D:2)
  5 orcs
  8 ball pythons
  5 endoplasms
  5 giant cockroaches
  12 goblins
  9 hobgoblins
  3 kobolds
  5 quokkas
  5 bats
  3 frilled lizards
  4 rats
80 creatures vanquished.

Notes
Turn   | Place    | Note
-------+----------+-------------------------------------------
     0 | D:1      | qw the Gargoyle Hunter began the quest for the Orb.
     0 | D:1      | Reached XP level 1. HP: 12/12 MP: 1/1
     0 | D:1      | 0 ||| qw: Version: 0.3-a-76-g4403597
     0 | D:1      | 0 ||| qw: Game counter: 220
     0 | D:1      | 0 ||| qw: Melee chars always use a shield: true
     0 | D:1      | 0 ||| qw: God list: Okawaru
     0 | D:1      | 0 ||| qw: Allow faded altars: false
     0 | D:1      | 0 ||| qw: Do Orc after clearing Dungeon:15 true
     0 | D:1      | 0 ||| qw: Do second Lair branch before Depths: true
     0 | D:1      | 0 ||| qw: Lair rune preference: random
     0 | D:1      | 0 ||| qw: Goals: Normal
     0 | D:1      | 0 ||| PLANNING D:1-11
    75 | D:1      | Found Foesiyc's Armour Shop.
    81 | D:1      | Reached XP level 2. HP: 17/17 MP: 2/2
    93 | D:1      | 93 ||| SHOPLISTING +0 ring mail (48 gold, have 8).
    93 | D:1      | 93 ||| SHOPLISTING +3 ring mail of fire resistance (312
                  | gold, have 8).
    93 | D:1      | 93 ||| SHOPLISTING +4 robe of Hopscotch {Dex+9 Stlth+} (592
                  | gold, have 8).
   131 | D:1      | Found Purghil's Antique Armour Emporium.
   139 | D:1      | 139 ||| SHOPLISTING +1 cloak of Starlight {*Dazzle EV+4
                  | Stlth--} (762 gold, have 8).
   139 | D:1      | 139 ||| SHOPLISTING embroidered robe (92 gold, have 8).
   139 | D:1      | 139 ||| SHOPLISTING ring mail (100 gold, have 8).
   139 | D:1      | 139 ||| SHOPLISTING runed helmet (187 gold, have 8).
   139 | D:1      | 139 ||| SHOPLISTING warped robe (142 gold, have 8).
   347 | D:1      | Found Enlyq's Antique Weapon Emporium.
   354 | D:1      | 354 ||| SHOPLISTING runed arbalest (195 gold, have 25).
   405 | D:1      | Reached XP level 3. HP: 18/21 MP: 3/3
   467 | D:1      | Reached skill level 5 in Ranged Weapons
   502 | D:1      | Found Kigam's Book Emporium.
   714 | D:1      | 714 ||| READING scroll labelled KAIHUX XOPE.
   715 | D:1      | 715 ||| READING scroll labelled AZU MANIATETH.
   716 | D:1      | 716 ||| DROPPING scroll of butterflies.
   730 | D:2      | 730 ||| STAIRDANCE
   763 | D:2      | 763 ||| STAIRDANCE
   890 | D:2      | Reached skill level 3 in Fighting
   992 | D:2      | Reached XP level 4. HP: 28/28 MP: 4/4
  1324 | D:2      | 1324 ||| UPGRADING to +4 ring of protection.
  1325 | D:2      | 1325 ||| READING scroll labelled FAFFUUTUQU.
  1491 | D:3      | 1491 ||| SWAPPING to +0 triple crossbow.
  1492 | D:3      | 1492 ||| DROPPING +1 shortbow.
  1626 | D:3      | 1626 ||| READING scroll of enchant weapon.
  1626 | D:3      | 1626 ||| ENCHANTING +0 triple crossbow.
  1668 | D:3      | Found Omable Doje's Book Emporium.
  1740 | D:3      | Noticed Jessica
  1763 | D:3      | Killed Jessica
  1764 | D:3      | Reached skill level 6 in Ranged Weapons
  1764 | D:3      | Reached XP level 5. HP: 10/32 MP: 5/5
  2100 | D:3      | 2100 ||| UPGRADING to +0 ring mail.
  2110 | D:3      | 2110 ||| DROPPING +0 leather armour.
  2111 | D:3      | 2111 ||| UPGRADING to ring of protection from fire.
  2112 | D:3      | 2112 ||| READING scroll labelled ESOGITT NEKAKHLUMO.
  2113 | D:3      | 2113 ||| READING scroll labelled ATHROXZ ITSA.
  2114 | D:3      | 2114 ||| READING scroll labelled GEMEKE NAAPU.
  2119 | D:3      | 2119 ||| READING scroll labelled GUIBANG TUIPSEXAD.
  2120 | D:3      | 2120 ||| DRINKING 2 murky clear potions.
  2121 | D:3      | 2121 ||| DRINKING 2 grey potions.
  2122 | D:3      | 2122 ||| DROPPING potion of degeneration.
  2173 | D:4      | 2173 ||| STAIRDANCE
  2176 | D:3      | Reached skill level 1 in Armour
  2591 | D:4      | Reached XP level 6. HP: 38/38 MP: 6/6
  2944 | D:4      | 2944 ||| UPGRADING to +0 cloak.
  2949 | D:4      | 2949 ||| READING 2 scrolls labelled LYXEOPRIRU.
  2950 | D:4      | 2950 ||| READING scroll labelled ZOASAAT XYKLA.
  3051 | D:4      | 3051 ||| READING scroll labelled YDUBUI TIEGOES.
  3108 | D:5      | Entered Level 5 of the Dungeon
  3111 | D:5      | Mangled by an ogre

Levels and vault maps discovered:
D:1:      shiori_arrival_maze, layout_loops_ring, serial_shops,
          nicolae_shop_overgrown_old_shop, shop, nicolae_shop_real_fake_doors,
          nicolae_shop_tiny_statue_garden
D:2:      layout_basic
D:3:      layout_loops_ring, serial_shops, shop, minmay_misc_feat_hallway,
          uniq_jessica
D:4:      layout_basic
D:5:      layout_rooms, chequers_big_river, uniq_blork_the_orc

Skill      XL: |  1  2  3  4  5 |
---------------+----------------+-----
Ranged Weapons | 5 6 |  6.7
Fighting       | 3 4 |  4.0
Armour         | 1 |  1.5
Dodging        | |  1.5
Stealth        | |  1.1

Action                     |  1- 3 |  4- 6 || total
---------------------------+-------+-------++-------
   Fire: Shortbow          |   139 |    16 ||   155
         Triple crossbow   |       |   102 ||   102
    Use: Scroll            |     2 |     9 ||    11
         Potion            |       |     2 ||     2
 Armour: Leather armour    |    60 |    79 ||   139
         Ring mail         |       |    45 ||    45
  Dodge: Dodged            |    58 |   101 ||   159

Table legend:
 A = Non-vault XP
 B = Vault XP
 C = Vault XP percentage of total XP
 D = Non-vault monster count
 E = Vault monster count
 F = Vault count percentage of total count
                 A         B        C        D         E       F
            +---------+---------+-------+---------+---------+-------
      Total |     439 |      40 |   8.4 |      77 |       3 |   3.8
            +---------+---------+-------+---------+---------+-------
        D:1 |      56 |       3 |   5.1 |      27 |       2 |   6.9
        D:2 |      53 |       0 |   0.0 |      16 |       0 |   0.0
        D:3 |      95 |      37 |  28.0 |      12 |       1 |   7.7
        D:4 |     232 |       0 |   0.0 |      21 |       0 |   0.0
        D:5 |       3 |       0 |   0.0 |       1 |       0 |   0.0
            +---------+---------+-------+---------+---------+-------
